 Dungeon Crawl Stone Soup version 0.21.1-1-g345015fe64 (webtiles) character file.

242 Henning the Skirmisher (level 6, -5/40 HPs)
             Began as a Gargoyle Berserker on July 19, 2018.
             Was a Believer of Trog.
             Killed by divine providence
             ... invoked by an orc priest
              (11 damage)
             ... on level 3 of the Dungeon.
             The game lasted 00:04:34 (1377 turns).

Henning the Skirmisher (Gargoyle Berserker)         Turns: 1377, Time: 00:04:35

Health: -5/40      AC: 15    Str: 22    XL:     6   Next: 9%
Magic:  6/6        EV: 10    Int:  7    God:    Trog [**....]
Gold:   219        SH:  0    Dex: 10    Spells: 5/5 levels left

rFire    . . .     SeeInvis .   a - +0 mace
rCold    . . .     Gourm    .   (no shield)
rNeg     + . .     Faith    .   k - +0 scale mail
rPois    ∞         Spirit   .   m - +0 helmet
rElec    +         Reflect  .   h - +0 cloak
rCorr    .         Harm     .   (no gloves)
MR       .....                  q - +0 pair of boots
Stlth    ..........             (no amulet)
HPRegen  0.13/turn              (no ring)
MPRegen  0.10/turn              (no ring)

@: no status effects
A: negative energy resistance 1, electricity resistance, unbreathing,
petrification resistance, rot immunity, AC +4
a: Berserk, Trog's Hand, Burn Spellbooks, Renounce Religion


You were on level 3 of the Dungeon.
You worshipped Trog.
Trog was pleased with you.
You were not hungry.

You visited 1 branch of the dungeon, and saw 3 of its levels.

You collected 219 gold pieces.

Inventory:

Hand Weapons
 a - a +0 mace (weapon)
Armour
 h - a +0 cloak (worn)
 k - a +0 scale mail (worn)
 m - a +0 helmet (worn)
 q - a +0 pair of boots (worn)
Wands
 r - a wand of digging (6)
Scrolls
 d - a scroll of amnesia {unknown}
 f - a scroll of identify
 g - a scroll of fear {unknown}
 p - a scroll of remove curse
 s - a scroll of enchant weapon {unknown}
Potions
 e - 2 potions of haste
 i - a potion of degeneration {unknown}
 j - a potion of heal wounds {unknown}
 l - a potion of mutation {unknown}
 n - a potion of resistance {unknown}
 o - 2 potions of lignification {unknown}
 t - a potion of flight {unknown}
Comestibles
 b - 6 chunks of flesh
 c - 4 rations


   Skills:
 + Level 5.0 Fighting
 + Level 4.5 Maces & Flails
 + Level 4.2 Armour
 - Level 1.5 Dodging


You had 5 spell levels left.
You didn't know any spells.

Dungeon Overview and Level Annotations

Branches:
Dungeon (3/15)

Altars:
Ashenzari
Wu Jian
Yredelemnul
Zin

Shops:
D:3 *


Innate Abilities, Weirdness & Mutations

You are resistant to torment.
Your stone body is resilient. (AC +4)
You are immune to poison.
You resist negative energy. (rN+)
You are resistant to electric shocks. (rElec)
You can survive without breathing.
You are immune to petrification.
You are immune to rotting.


Message History

You hit the orc priest.
The orc priest is heavily wounded.
The orc priest barely misses you.
You sock the orc priest!
The orc priest is almost dead.
The orc priest hits you but does no damage.
You hit the orc priest but do no damage.
The orc priest is almost dead.
The orc priest calls down the wrath of Beogh upon you.
Beogh smites you!
* * * LOW HITPOINT WARNING * * *
You hit the orc priest but do no damage.
The orc priest is almost dead.
The orc priest hits you but does no damage.
You hit the orc priest but do no damage.
The orc priest is almost dead.
The orc priest barely misses you.
The orc priest invokes the aid of Beogh against you.
Beogh smites you!
You die...

#.# #^.##.#
#.#####..##.#
#...........#
#######..####
#...# ####
#...# .....
#...#
#...######.#
#..oo@.....#
#...######.#
..... #.#
###. #.# ..
#.# ## ..#
###


You could see 2 orc priests.

Vanquished Creatures
  Sigmund (D:3)
  Ijyb (D:3)
  An adder (D:2)
  2 dart slugs (D:1)
  3 leopard geckos (D:1)
  An orc (D:3)
  8 bats
  A giant cockroach (D:1)
  6 hobgoblins
  11 kobolds
  8 goblins
  7 rats
50 creatures vanquished.

Notes
Turn   | Place    | Note
-------+----------+-------------------------------------------
     0 | D:1      | Henning the Gargoyle Berserker began the quest for the Orb.
     0 | D:1      | Reached XP level 1. HP: 14/14 MP: 1/1
    74 | D:1      | Reached XP level 2. HP: 12/19 MP: 2/2
   278 | D:1      | Reached XP level 3. HP: 22/24 MP: 3/3
   328 | D:1      | Reached ** piety under Trog
   660 | D:2      | Found a shattered altar of Ashenzari.
   681 | D:2      | Found an ornate altar of the Wu Jian Council.
   688 | D:2      | Found a basalt altar of Yredelemnul.
   938 | D:2      | Reached skill level 4 in Fighting
   938 | D:2      | Reached XP level 4. HP: 29/29 MP: 4/4
  1062 | D:3      | Noticed Sigmund
  1142 | D:3      | Killed Sigmund
  1142 | D:3      | Reached XP level 5. HP: 27/34 MP: 5/5
  1189 | D:3      | Noticed Ijyb
  1212 | D:3      | Killed Ijyb
  1212 | D:3      | Reached XP level 6. HP: 32/40 MP: 6/6
  1269 | D:3      | Found Zin's Purification Station.
  1271 | D:3      | Found a glowing silver altar of Zin.
  1368 | D:3      | Reached skill level 5 in Fighting
  1377 | D:3      | Killed from afar by an orc priest

Skill      XL: |  1  2  3  4  5  6 |
---------------+-------------------+-----
Armour         | 3 4 |  4.2
Fighting       | 4 5 |  5.0
Maces & Flails | 4 |  4.5
Dodging        | |  1.5

Action                   |  1- 3 |  4- 6 || total
-------------------------+-------+-------++-------
Melee: Mace              |   116 |    50 ||   166
       Whip              |    33 |     2 ||    35
Invok: Berserk           |       |     1 ||     1
       Trog's Hand       |       |     1 ||     1
  Use: Scroll            |       |     2 ||     2
  Eat: Chunk             |       |     3 ||     3
Armor: Animal skin       |    23 |       ||    23
       Scale mail        |    72 |    28 ||   100
Dodge: Dodged            |   107 |    39 ||   146
